Map: 16-Bit LE

Players

DaMan - Winner!

  • Race: Protoss Protoss
  • League: Platinum
  • Spawn Location: 1:00

A.I. 1 (Very Easy)

  • Race: Terran Terran
  • Spawn Location: 7:00

VOD

Have the link to the VOD?

Description

Time

  • Played on: May 19, 2018, 5:26 p.m.
  • Length: 5:12
Show
View Real Time Build Order
Export as new Build Order

DaMan Protoss - Winner!

Build Orders:  

Get SALT Encoding   

  12  0:01  Probe  
  13  0:13  Probe  
  14  0:18  Pylon  
  14  0:25  Probe  
  15  0:37  Probe  
  15  0:41  Gateway  
  16  0:47  Probe  
  16  0:48  Assimilator  
  16  0:56  Probe  
  17  0:59  Assimilator  
  18  1:07  Probe  
  19  1:19  Probe  
  20  1:31  Probe  
  20  1:32  Cybernetics Core  
  21  1:36  Pylon  
  21  1:43  Probe  
  22  1:56  Probe  
  23  2:06  Stalker  
  25  2:13  Robotics Facility  
  25  2:21  Robotics Facility  
  25  2:28  Stalker  
  27  2:42  Pylon  
  27  2:49  Immortal  
  31  3:09  Immortal  
  35  3:19  Warp Prism  
  37  3:39  Pylon  
  37  4:07  Immortal  
  37  4:08  Immortal  
  45  4:13  Pylon  
  45  4:25  Stalker  
Show
View Real Time Build Order
Export as new Build Order

A.I. 1 (Very Easy) Terran 

Build Orders:  

Get SALT Encoding   

  12  0:00  SCV  
  13  0:13  SCV  
  14  0:20  Supply Depot  
  14  0:40  Refinery  
  14  0:46  Barracks  
  14  1:06  Supply Depot  
  14  1:15  Refinery  
  14  1:33  Marine, SCV  
  16  1:45  SCV  
  17  1:57  SCV  
  18  2:05  Marine  
  19  2:09  SCV  
  20  2:22  SCV  
  21  2:34  SCV  
  22  2:37  Marine  
  23  2:46  Orbital Command  
  23  4:05  Marine  
  21  4:20  SCV  
  16  4:32  SCV  
  16  4:37  Refinery  
  18  4:44  SCV  
  12  4:56  SCV  
  12  4:57  Barracks  
  11  5:02  Supply Depot  
Tags
 
League
Platinum
Matchup
PvT
Spawn Locations
Cross Positions
Add a new tag
Caveats
  • Supply blocks, unpowered buildings, or Contaminate may cause inaccurate times.
  • Supply counts are checked every 10 seconds.